 Dungeon Crawl Stone Soup version 0.30-a0-331-g8ab09dc110 (webtiles) character file.

Game seed: 7282406428554526430

583 gruber the Conjurer (level 7, 0/61 HPs)
             Began as an Octopode Conjurer on Oct 29, 2022.
             Was a Follower of Vehumet.
             Succumbed to a scorpion's poison
             ... on level 5 of the Dungeon.
             The game lasted 00:03:40 (4860 turns).

gruber the Conjurer (Octopode Conjurer)             Turns: 4860, Time: 00:03:40

Health: 0/61       AC: 23    Str:  7    XL:     7   Next: 37%
Magic:  2/13       EV:  2    Int: 22    God:    Vehumet [*.....]
Gold:   148        SH:  0    Dex: 10    Spells: 7/14 levels left

rFire   . . .      SeeInvis .    k - +2 hand axe (flame)
rCold   . . .      Faith    .    (no shield)
rNeg    . . .      Spirit   .    (helmet currently unavailable)
rPois   +          Reflect  .    (no amulet)
rElec   .          Harm     .    (no ring)
rCorr   .          Rampage  .    (no ring)
Will    .....      NoTele   +    (no ring)
Stlth   ++........               (no ring)
HPRegen 0.30/turn                (no ring)
MPRegen 0.13/turn                (no ring)
                                 (no ring)
                                 (no ring)

@: mighty, lethally poisoned (0 -> -4), tree-form
A: stationary, stasis, torment immunity, boosted hp, almost no armour,
(amphibious), 8 rings, (camouflage 1), (gelatinous body 1), (nimble swimmer 1),
(tentacles)
a: Renounce Religion


You were on level 5 of the Dungeon.
You worshipped Vehumet.
Vehumet was aware of your devotion.
You were a tree.
You visited 1 branch of the dungeon, and saw 5 of its levels.

You collected 148 gold pieces.

Inventory:

Hand Weapons
 k - a +2 hand axe of flaming (weapon)
Jewellery
 d - an amulet of faith
Wands
 a - a wand of flame (10)
Scrolls
 e - 3 scrolls of fear {unknown}
 f - 2 scrolls of teleportation
 h - 5 scrolls of identify {unknown}
 i - a scroll of fog {unknown}
 j - a scroll of amnesia {unknown}
 p - 3 scrolls of torment {unknown}
 r - a scroll of immolation {unknown}
Potions
 b - 2 potions of might
 c - 2 potions of brilliance {unknown}
 g - 2 potions of lignification
 l - a potion of curing {unknown}
 m - a potion of degeneration {unknown}
 n - 2 potions of mutation {unknown}
 o - 2 potions of attraction {unknown}
 q - 2 potions of berserk rage


   Skills:
 - Level 2.0 Dodging
 - Level 2.6 Stealth
 - Level 4.1 Spellcasting
 * Level 7.7 Conjurations


You had 7 spell levels left.
You knew the following spells:

 Your Spells              Type           Power      Damage    Failure   Level
a - Magic Dart            Conj           100%       1d8       1%          1
b - Searing Ray           Conj           76%        2d7       1%          2
c - Iskenderun's Mystic   Conj/Tloc      21%        2d6       22%         4

Your spell library contained the following spells:

 Spells                   Type           Power      Damage    Failure   Level
 Sandblast                Erth           8%         2d5       11%         1
 Dazzling Flash           Conj/Hex       42%        N/A       7%          3
 Slow                     Hex            16%        N/A       11%         1
 Fulminant Prism          Conj/Hex       10%        3d8       22%         4
 Confusing Touch          Hex            4%         N/A       32%         3
 Vampiric Draining        Necr           4%         2d6       32%         3


Dungeon Overview and Level Annotations

Branches:
Dungeon (5/15)
 Temple: D:4-7

Altars:
Dithmenos
Uskayaw
Vehumet

Annotations:
D:5 Edmund


Innate Abilities, Weirdness & Mutations

You are a tree.
Your roots penetrate the ground, keeping you stationary.
You cannot be teleported.
You are immune to unholy pain and torment.
Your maximum health is greatly increased.
You cannot wear most types of armour.
((You are amphibious.))
You can wear up to eight rings at the same time.
((Your skin changes colour to match your surroundings (Stealth+).))
((Your rubbery body absorbs attacks. (AC +1, EV +1)))
((You are camouflaged when in or above water. (Stealth+)))
((You have tentacles for arms and can constrict up to eight enemies at once.))


Message History

The scorpion is almost dead.
You feel sick. The scorpion stings you.
The searing ray misses the scorpion.
You finish channelling your searing ray.
You feel sick. The scorpion stings you. x2
You closely miss the scorpion. You grab the scorpion.
Your tentacle-slap misses the scorpion.
You squeeze the scorpion.
The scorpion is almost dead.
You constrict the scorpion, but do no damage.
You feel sick. The scorpion stings you.
* * * LOW HITPOINT WARNING * * *
You are lethally poisoned!
The scorpion poisons you!
Unknown command.
Casting: Searing Ray (safe; 1% risk of failure)
Confirm with . or Enter, or press ? or * to list all spells.
Aiming: Magic Dart (safe; 1% risk of failure)
Press: ? - help, Shift-Dir - straight line, f/p - scorpion
Aim: a scorpion (almost dead, constricted by you, 100% to hit)
The magic dart hits the scorpion but does no damage.
The scorpion is almost dead.
You constrict the scorpion.
You kill the scorpion!
Vehumet accepts your kill.
You feel your power returning.
* * * LOW HITPOINT WARNING * * *
You feel sick.
Unknown command.
Unknown command.
It was a potion of might.
You feel very mighty all of a sudden.
* * * LOW HITPOINT WARNING * * *
You feel sick.
It was a potion of lignification.
You turn into a tree.
Your roots penetrate the ground.
* * * LOW HITPOINT WARNING * * *
You feel sick.
* * * LOW HITPOINT WARNING * * *
You feel sick.
You die...

#........
#.......#
#.......#
#.......#
#+####+##.......#
................#
.........>......#
................#
.......♣.#'######
.......††#......#
###.....†#......#
#......#......#
#......#.....##
#......#.....##
#......#......#
#......#......#
#......#......#


There were no monsters in sight!

Vanquished Creatures
  A black bear (D:5)
  A necrophage (D:4)
  2 scorpions
  A jelly (D:4)
  3 iguanas (D:4)
  Natasha (twice) (D:3)
  7 adders
  An ufetubus (D:4)
  3 worms
  2 dart slugs (D:1)
  11 orcs (D:3)
  6 endoplasms
  2 giant cockroaches
  6 goblins
  2 hobgoblins
  5 jackals
  5 quokkas
  7 ball pythons
  2 bats
  A frilled lizard (D:1)
  3 kobolds
  7 rats
80 creatures vanquished.

Notes
Turn   | Place    | Note
-------+----------+-------------------------------------------
     0 | D:1      | gruber the Octopode Conjurer began the quest for the Orb.
     0 | D:1      | Reached XP level 1. HP: 11/11 MP: 3/3
   211 | D:1      | Reached XP level 2. HP: 9/17 MP: 0/5
   890 | D:1      | Reached XP level 3. HP: 18/21 MP: 1/6
   941 | D:1      | Reached skill level 5 in Conjurations
  1328 | D:2      | Learned a level 2 spell: Searing Ray
  1453 | D:2      | Identified the +2 robe "Zurowk" {Int+2}
  1777 | D:2      | Reached XP level 4. HP: 27/27 MP: 3/7
  1832 | D:2      | Found a faded altar of an unknown god.
  1926 | D:2      | Learned a level 4 spell: Iskenderun's Mystic Blast
  2287 | D:3      | Noticed Natasha
  2299 | D:3      | Killed Natasha
  2300 | D:3      | Reached skill level 6 in Conjurations
  2389 | D:3      | Found a radiant altar of Vehumet.
  2433 | D:3      | Became a worshipper of Vehumet
  2560 | D:3      | Reached XP level 5. HP: 28/31 MP: 0/8
  2640 | D:3      | Noticed Natasha
  2644 | D:3      | Killed Natasha
  3127 | D:3      | Found a hide-covered altar of Uskayaw.
  3613 | D:4      | Reached XP level 6. HP: 21/36 MP: 9/11
  3681 | D:4      | Reached * piety under Vehumet
  3681 | D:4      | Offered knowledge of Sandblast by Vehumet.
  4513 | D:4      | Found a shadowy altar of Dithmenos.
  4714 | D:5      | Entered Level 5 of the Dungeon
  4714 | D:5      | Noticed Edmund
  4721 | D:5      | Noticed a black bear
  4835 | D:5      | Reached skill level 7 in Conjurations
  4835 | D:5      | Reached XP level 7. HP: 41/41 MP: 8/13
  4857 | D:5      | HP: 2/41 [poisoned by a scorpion]
  4860 | D:5      | Succumbed to a scorpion's poison

Illustrated notes

Levels and vault maps discovered:
D:1:      dpeg_arrival_brainrot, layout_loops_ring, minmay_hexomino_p4
D:2:      layout_basic, hellmonk_ecumenical_altar_pennies_from_heaven,
          minmay_surrounded
D:3:      layout_loops_ring, nicolae_vehumet_radiance,
          nicolae_overflow_crystal_walls, feat_on_display, uniq_natasha
D:4:      layout_loops_corners, overflow_temple_1_default,
          nicolae_zen_rock_garden
D:5:      layout_gridville, mainiacjoe_overflow_paths, general_overflow_altar,
          nicolae_ossuary_entry_plus, serial_shops, nicolae_shop_waterfront,
          minmay_strange_pillars, uniq_edmund

Skill      XL: |  1  2  3  4  5  6 |
---------------+-------------------+-----
Conjurations   | 5 6 7 |  7.7
Spellcasting   | 3 4 |  4.1
Dodging        | |  2.0
Stealth        | |  2.6

Action                   |  1- 3 |  4- 6 |  7- 9 || total
-------------------------+-------+-------+-------++-------
Melee: Unarmed           |    11 |    19 |       ||    30
       Constrict         |     5 |    14 |     1 ||    20
       Tentacles         |     4 |    13 |     1 ||    18
       Hand axe          |       |    30 |     1 ||    31
       Quarterstaff      |       |     4 |       ||     4
       Punch             |       |     2 |       ||     2
 Cast: Magic Dart        |    70 |    58 |     1 ||   129
       Searing Ray       |       |     9 |     2 ||    11
  Use: Potion            |       |     1 |     2 ||     3
       Scroll            |       |     1 |       ||     1
 Stab: Sleeping          |       |     3 |       ||     3
Armor: Skin              |       |     7 |       ||     7
Dodge: Dodged            |    17 |    58 |     2 ||    77

Table legend: (Time is in decaauts)
 A = Elapsed time spent in this place.
 B = Non-inter-level travel time spent in this place.
 C = Inter-level travel time spent in this place.
 D = Time resting spent in this place.
 E = Time spent auto-exploring this place.
 F = Levels seen in this place.
 G = Mean time per level.
                   A        B        C        D        E       F      G
               +--------+--------+--------+--------+--------+-----+--------+
         Total |   4868 |   4766 |    102 |     81 |   4153 |   5 |  973.6 |
       Dungeon |   4868 |   4766 |    102 |     81 |   4153 |   5 |  973.6 |
               +--------+--------+--------+--------+--------+-----+--------+

Top non-repeatable levels by time:
     D:4: 1305 daAuts
     D:1: 1281 daAuts
     D:3: 1183 daAuts
     D:2: 952 daAuts
     D:5: 146 daAuts
